 Dungeon Crawl Stone Soup version 0.27-a0-1081-ge8a0a9c698 (webtiles) character file.

Game seed: 16337928707166740264

28 frogmouthbird the Chopper (level 3, 0/29 (31) HPs)
             Began as a Hill Orc Fighter on Apr 26, 2021.
             Succumbed to an adder's poison
             ... on level 1 of the Dungeon.
             The game lasted 00:00:59 (1196 turns).

frogmouthbird the Chopper (Hill Orc Fighter)        Turns: 1196, Time: 00:00:59

HP:   0/29 (31)     AC:  8    Str: 18    XL:     3   Next: 14%
MP:   3/3           EV:  7    Int:  9    God:
Gold: 14            SH:  9    Dex: 10    Spells: 2/2 levels left

rFire    . . .     SeeInvis .   a - +0 war axe
rCold    . . .     Faith    .   c - +0 kite shield
rNeg     . . .     Spirit   .   b - +0 scale mail
rPois    .         Reflect  .   (no helmet)
rElec    .         Harm     .   (no cloak)
rCorr    .         Rampage  .   (no gloves)
Will     .....                  e - +0 pair of boots
Stlth    ..........             (no amulet)
HPRegen  0.09/turn              (no ring)
MPRegen  0.08/turn              (no ring)

@: lethally poisoned (0 -> -1), drained
A: no striking features
a: no special abilities


You were on level 1 of the Dungeon.
You visited 1 branch of the dungeon, and saw 2 of its levels.

You collected 14 gold pieces.

Inventory:

Hand Weapons
 a - a +0 war axe (weapon)
Armour
 b - a +0 scale mail (worn)
 c - a +0 kite shield (worn)
 e - a +0 pair of boots (worn)
Scrolls
 f - 2 scrolls of teleportation {unknown}
 g - a scroll of identify {unknown}
Potions
 d - a potion of might
 h - a potion of flight {unknown}


   Skills:
 - Level 3.6 Fighting
 * Level 4.7 Axes
 - Level 3.2 Armour
 - Level 3.2 Shields


You had 2 spell levels left.
You didn't know any spells.
Your spell library was empty.

Dungeon Overview and Level Annotations

Branches:
Dungeon (2/15)

Altars:


Message History

You miss the adder.
The adder is almost dead.
You closely miss the necrophage. You block the adder's attack.
The necrophage hits you.
You feel drained.
You are too injured to fight recklessly!
You are too injured to fight recklessly!
You are too injured to fight recklessly!
You are too injured to fight recklessly!
You barely miss the adder.
The adder is almost dead.
You hit the necrophage. The adder bites you but does no damage.
You block the necrophage's attack. The adder bites you but does no damage.
The necrophage hits you.
* * * LOW HITPOINT WARNING * * *
You feel drained.
* * * LOW HITPOINT WARNING * * *
You closely miss the adder.
The adder is almost dead.
You barely miss the necrophage. The adder bites you.
* * * LOW HITPOINT WARNING * * *
You are lethally poisoned!
The adder poisons you! The necrophage barely misses you.
The adder bites you but does no damage.
You closely miss the adder.
The adder is almost dead.
You hit the necrophage but do no damage.
* * * LOW HITPOINT WARNING * * *
You feel sick. You block the adder's attack. The necrophage barely misses you.
The adder barely misses you. You block the necrophage's attack.
You miss the adder.
The adder is almost dead.
You barely miss the necrophage.
* * * LOW HITPOINT WARNING * * *
You feel sick. You block the adder's attack.
The necrophage completely misses you. You block the adder's attack.
Unknown command.
You barely miss the adder.
The adder is almost dead.
You hit the necrophage.
You die...

#.# ##...## #.### #.# ##.....##
##.# ####.######.......##
##..##
####...#..............####....#
......................+.....#.#
####.....##...........####....#
#..#..##..#.......## ##..##
#..##.##..##.Sn..## ##.#
#..##.##..###@..## #>#
#..##.##..# ##'## #.#
#..##.##..# #.# #.#
#.........####.####### #.#
#####.######.........# #.#
##.######....####.# #.#
#......##.....###.####.#
#.###..##..............# #.#
#.........###.######


You could see a necrophage and an adder.

Vanquished Creatures
  2 dart slugs (D:1)
  2 ball pythons
  2 endoplasms (D:1)
  A giant cockroach (D:1)
  A goblin (D:1)
  A hobgoblin (D:1)
  6 jackals (D:1)
  3 kobolds (D:1)
  A bat (D:1)
  A frilled lizard (D:1)
  2 rats (D:1)
22 creatures vanquished.

Notes
Turn   | Place    | Note
-------+----------+-------------------------------------------
     0 | D:1      | frogmouthbird the Hill Orc Fighter began the quest for the
                  | Orb.
     0 | D:1      | Reached XP level 1. HP: 19/19 MP: 1/1
    33 | D:1      | Found a faded altar of an unknown god.
    46 | D:1      | Reached skill level 3 in Axes
   172 | D:1      | Reached XP level 2. HP: 26/26 MP: 2/2
   445 | D:1      | Reached skill level 4 in Axes
   630 | D:1      | Reached XP level 3. HP: 30/31 MP: 3/3
  1175 | D:2      | Noticed a necrophage
  1195 | D:1      | HP: 1/29 [poisoned by an adder]
  1196 | D:1      | Succumbed to an adder's poison

Illustrated notes

Levels and vault maps discovered:
D:1:      kennysheep_arrival_forest, layout_loops_corners,
          chequers_ecumenical_altar_simple_redux
D:2:      layout_loops_cross, grunt_ministairs_13,
          amcnicky_mini_rare_corridor_liquid, corexii_corridor_pit,
          kennysheep_pointless_box, hangedman_decor_growths, uniq_terence

Skill      XL: |  1  2 |
---------------+-------+-----
Axes           | 3 4 |  4.7
Fighting       | |  3.6
Armour         | |  3.2
Shields        | |  3.2

Action                   || total
-------------------------++-------
Melee: War axe           ||    69
Armor: Scale mail        ||    53
Dodge: Dodged            ||    26
Block: Kite shield       ||    55

Table legend: (Time is in decaauts)
 A = Elapsed time spent in this place.
 B = Non-inter-level travel time spent in this place.
 C = Inter-level travel time spent in this place.
 D = Time resting spent in this place.
 E = Time spent auto-exploring this place.
 F = Levels seen in this place.
 G = Mean time per level.
                   A        B        C        D        E       F      G
               +--------+--------+--------+--------+--------+-----+--------+
         Total |   1233 |   1183 |     50 |      0 |   1010 |   2 |  616.5 |
       Dungeon |   1233 |   1183 |     50 |      0 |   1010 |   2 |  616.5 |
               +--------+--------+--------+--------+--------+-----+--------+

Top non-repeatable levels by time:
     D:1: 1217 daAuts
     D:2: 16 daAuts
